 Dungeon Crawl Stone Soup version 0.21.1-1-g345015f (webtiles) character file.

2197 letownia2 the Spear-Bearer (level 9, -2/62 HPs)
             Began as a Merfolk Wizard on Mar 9, 2018.
             Was a Believer of Cheibriados.
             Killed from afar by a steam dragon (18 damage)
             ... with a ball of steam
             ... on level 7 of the Dungeon.
             The game lasted 00:24:26 (3726 turns).

letownia2 the Spear-Bearer (Merfolk Wizard)         Turns: 3726, Time: 00:24:27

Health: -2/62      AC:  7    Str: 15    XL:     9   Next: 34%
Magic:  2/13       EV: 14    Int: 27    God:    Cheibriados [**....]
Gold:   322        SH:  0    Dex: 17    Spells: 2/14 levels left

rFire    . . .     SeeInvis .   a - +0 spear
rCold    . . .     Gourm    .   (no shield)
rNeg     . . .     Faith    .   n - +0 leather armour
rPois    .         Spirit   .   r - +2 helmet
rElec    .         Reflect  .   g - +0 cloak
rCorr    .         Harm     .   (no gloves)
MR       .....                  (no boots)
Stlth    ++........             (no amulet)
HPRegen  0.20/turn              h - +4 ring of intelligence
MPRegen  0.13/turn              N - ring of wizardry

@: very slow
A: change form in water, swift swim, stealthy swim
a: Bend Time, Renounce Religion


You were on level 7 of the Dungeon.
You worshipped Cheibriados.
Cheibriados was pleased with you.
You were hungry.

You visited 2 branches of the dungeon, and saw 9 of its levels.

You collected 322 gold pieces.

Inventory:

Hand Weapons
 a - a +0 spear (weapon)
 f - a +0 dagger
 i - a +0 dagger
 t - a +0 trident
 y - a +3 quarterstaff of chaos
 B - a +0 scythe
 E - a +0 dagger of freezing
 L - a +1 flail of protection
Armour
 g - a +0 cloak (worn)
 l - a +0 ring mail
 n - a +0 leather armour (worn)
 o - a cursed +0 robe
 r - a +2 helmet (worn)
Jewellery
 e - an uncursed amulet of guardian spirit
 h - a +4 ring of intelligence (left hand)
 I - an uncursed ring of ice
 N - a ring of wizardry (right hand)
Wands
 b - a wand of digging (20)
 K - a wand of flame (32)
Scrolls
 k - 2 scrolls of remove curse {unknown}
 q - 4 scrolls of identify {unknown}
 s - 2 scrolls of amnesia {unknown}
 w - 2 scrolls of enchant armour {unknown}
 z - a scroll of blinking {unknown}
 F - 2 scrolls of teleportation {unknown}
 G - a scroll of fog {unknown}
 H - a scroll of magic mapping {unknown}
 J - 2 scrolls of enchant weapon {unknown}
 O - 2 scrolls of fear {unknown}
Potions
 j - a potion of resistance {unknown}
 m - a potion of haste
 p - 3 potions of berserk rage {unknown}
 u - a potion of magic {unknown}
 x - 3 potions of curing
 A - a potion of might {unknown}
 D - a potion of lignification {unknown}
Books
 c - a book of Minor Magic

   Spells                             Type                      Level
   a - Magic Dart                     Conjuration                  1
   b - Blink                          Translocation                2
   c - Call Imp                       Summoning                    2
   d - Slow                           Hexes                        2
   e - Conjure Flame                  Conjuration/Fire             3
   f - Mephitic Cloud                 Conjuration/Poison/Air       3
 v - a book of Cantrips

   Spells                             Type                      Level
   a - Confusing Touch                Hexes                        1
   b - Animate Skeleton               Necromancy                   1
   c - Summon Small Mammal            Summoning                    1
   d - Apportation                    Translocation                1
Comestibles
 d - 13 rations


   Skills:
 - Level 2.3 Fighting
 + Level 11.3 Polearms
 - Level 0.9 Armour
 + Level 4.6 Dodging
 - Level 2.1 Stealth
 - Level 3.0 Spellcasting
 - Level 3.0 Conjurations
 - Level 2.8 Summonings
 - Level 0.7 Translocations
 - Level 2.1 Fire Magic
 - Level 2.1 Air Magic
 - Level 2.6 Poison Magic
 + Level 3.7 Invocations


You had 2 spell levels left.
You knew the following spells:

 Your Spells              Type           Power        Failure   Level  Hunger
a - Magic Dart            Conj           ###.         1%          1    None
b - Blink                 Tloc           N/A          4%          2    #......
c - Conjure Flame         Conj/Fire      ###.....     4%          3    ###....
e - Mephitic Cloud        Conj/Pois/Air  ###.....     4%          3    ###....
i - Call Imp              Summ           ###.....     1%          2    #......
k - Animate Skeleton      Necr           N/A          4%          1    None


Dungeon Overview and Level Annotations

Branches:
Dungeon (8/15)             Temple (1/1) D:4
   Lair: D:8-11

Altars:
Ashenzari
Cheibriados
Elyvilon
Fedhas
Gozag
Hepliaklqana
Kikubaaqudgha
Makhleb
Ru
Trog
Uskayaw
Vehumet
Xom
The Shining One

Shops:
D:5 (


Message History

Unknown command.
Casting: Magic Dart
Confirm with . or Enter, or press ? or * to list all spells.
You don't have enough magic to cast that spell.
Unknown command.
Unknown command.
Unknown command.
Okay, then.
Remove which piece of jewellery? (? for menu, Esc to quit)
You remove your amulet of guardian spirit.
Okay, then.
Evoke which item? (* to show all) (? for menu, Esc to quit)
Aiming: Throw Flame
Press: ? - help, Shift-Dir - straight line, f - steam dragon
Aim: a steam dragon The puff of flame hits the steam dragon.
The steam dragon appears unharmed.
The steam dragon breathes steam at you. The ball of steam hits you!
You die...

#....>..# #.##.# ..#####.#
##.##D# .## #..##..##.# .#
#.(..##§.# .# ##.####D## . ##
#.####.##### .. #...##§#...# ..
# #.#..#D#...# .# # #.##...§@..#
.. ##### #.##....#### ###.#
....# #.#..#.#######>..#
###.#####.#.#...##.....#......
.........................###..
..#...###.###.#.##.#######
...........##.#..#.####
....#####.....##......####
#.#######..#.............#######


You could see a steam dragon.

Vanquished Creatures
  2 centaur zombies
  Sigmund (D:4)
  A wyvern (D:7)
  A steam dragon (D:7)
  Edmund (D:6)
  A centaur (D:5)
  2 ogres
  3 bullfrogs
  5 wights (D:7)
  A howler monkey (D:5)
  A bullfrog zombie (D:5)
  3 hounds (D:6)
  5 orc wizards
  Crazy Yiuf (D:3)
  3 bullfrog skeletons
  3 worker ants
  Robin (D:3)
  5 adders
  A shadow imp (D:7)
  An adder skeleton (D:7)
  2 adder zombies (D:6)
  A worm (D:5)
  A dart slug (D:3)
  5 leopard geckos
  12 orcs
  10 bats
  6 giant cockroaches
  4 hobgoblins
  6 jackals
  A ball python (D:5)
  A frilled lizard (D:2)
  14 goblins
  A leopard gecko skeleton (D:4)
  4 rats
110 creatures vanquished.

Vanquished Creatures (collateral kills)
  An ogre (D:6)
  An orc wizard (D:4)
  2 adders
  A worm (D:3)
  A leopard gecko (D:2)
  2 orcs
  A bat (D:2)
  5 jackals
14 creatures vanquished.

Grand Total: 124 creatures vanquished

Notes
Turn   | Place    | Note
-------+----------+-------------------------------------------
     0 | D:1      | letownia2 the Merfolk Wizard began the quest for the Orb.
     0 | D:1      | Reached XP level 1. HP: 13/13 MP: 4/4
    76 | D:2      | Reached skill level 1 in Conjurations
   192 | D:2      | Reached XP level 2. HP: 18/19 MP: 1/6
   223 | D:2      | Learned a level 2 spell: Call Imp
   316 | D:3      | Found a blossoming altar of Fedhas.
   555 | D:3      | Reached XP level 3. HP: 24/24 MP: 1/7
   856 | D:3      | Learned a level 3 spell: Mephitic Cloud
   859 | D:3      | Learned a level 2 spell: Blink
   904 | D:2      | Reached XP level 4. HP: 17/31 MP: 1/8
  1202 | D:3      | Found a sacrificial altar of Ru.
  1257 | D:4      | Noticed Robin
  1258 | D:4      | Reached skill level 1 in Poison Magic
  1290 | D:3      | Killed Robin
  1290 | D:3      | Reached skill level 1 in Fighting
  1367 | D:3      | Found a runed door.
  1371 | D:3      | Noticed Crazy Yiuf
  1386 | D:3      | Killed Crazy Yiuf
  1386 | D:3      | Reached XP level 5. HP: 30/37 MP: 1/9
  1507 | D:4      | Found a staircase to the Ecumenical Temple.
  1520 | Temple   | Entered the Ecumenical Temple
  1535 | Temple   | Became a worshipper of Cheibriados the Contemplative
  1589 | D:4      | Noticed Sigmund
  1604 | D:4      | Killed Sigmund
  1604 | D:4      | Reached skill level 1 in Air Magic
  1604 | D:4      | Reached XP level 6. HP: 45/45 MP: 7/10
  1630 | D:4      | Learned a level 3 spell: Conjure Flame
  1632 | D:5      | Entered Level 5 of the Dungeon
  1651 | D:5      | Found Xipn's Antique Weapon Emporium.
  1804 | D:5      | Reached skill level 1 in Polearms
  1849 | D:5      | Reached XP level 7. HP: 41/51 MP: 0/11
  1901 | D:5      | Reached skill level 2 in Polearms
  1901 | D:5      | Reached skill level 1 in Fire Magic
  2123 | D:6      | Noticed Edmund
  2213 | D:6      | Reached skill level 3 in Polearms
  2244 | D:6      | Killed Edmund
  2244 | D:6      | Reached skill level 4 in Polearms
  2415 | D:7      | Noticed a wyvern
  2436 | D:6      | Reached skill level 5 in Polearms
  2596 | D:6      | Reached XP level 8. HP: 47/57 MP: 2/12
  2626 | D:6      | Reached * piety under Cheibriados
  2651 | D:6      | Reached skill level 6 in Polearms
  2808 | D:5      | Learned a level 1 spell: Animate Skeleton
  2868 | D:6      | Reached skill level 7 in Polearms
  3086 | D:6      | Reached skill level 9 in Polearms
  3224 | D:6      | Reached skill level 10 in Polearms
  3341 | D:7      | Reached skill level 1 in Invocations
  3348 | D:7      | Killed a wyvern
  3348 | D:7      | Reached XP level 9. HP: 62/62 MP: 10/13
  3479 | D:8      | Reached ** piety under Cheibriados
  3533 | D:7      | Reached skill level 11 in Polearms
  3726 | D:7      | Killed from afar by a steam dragon

Skill      XL: |  1  2  3  4  5  6  7  8  9 |
---------------+----------------------------+-----
Conjurations   | 1 2 3 |  3.0
Summonings     | 2 |  2.8
Poison Magic   | 1 2 |  2.6
Fighting       | 1 2 |  2.3
Air Magic      | 1 2 |  2.1
Polearms       | 1 5 10 11 | 11.3
Fire Magic     | 2 |  2.1
Dodging        | 3 4 |  4.6
Invocations    | 2 3 |  3.7
Armour         | |  0.9
Stealth        | |  2.1
Spellcasting   | |  3.0
Translocations | |  0.7

Action                   |  1- 3 |  4- 6 |  7- 9 || total
-------------------------+-------+-------+-------++-------
Melee: Unarmed           |     3 |       |       ||     3
       Dagger            |    71 |    22 |       ||    93
       Trident           |       |    13 |       ||    13
       Quarterstaff      |       |    12 |       ||    12
       Spear             |       |    42 |   365 ||   407
Throw: Tomahawk          |       |       |    10 ||    10
 Cast: Magic Dart        |    51 |    36 |    58 ||   145
       Call Imp          |     5 |     6 |     1 ||    12
       Mephitic Cloud    |       |     6 |    13 ||    19
       Conjure Flame     |       |       |    13 ||    13
       Blink             |       |       |     4 ||     4
Evoke: Wand              |       |       |     7 ||     7
  Use: Potion            |       |       |     1 ||     1
 Stab: Sleeping          |     3 |       |       ||     3
       Confused          |       |     4 |    15 ||    19
  Eat: Chunk             |       |     4 |     7 ||    11
Armor: Robe              |    21 |    16 |     5 ||    42
       Leather armour    |       |       |    72 ||    72
Dodge: Dodged            |    71 |    58 |   141 ||   270
